 Dungeon Crawl Stone Soup version 0.16-a0-778-g0731923 (webtiles) character file.

302 PolkaDot the Caller (level 6, -4/36 (41) HPs)
             Began as a Vampire Summoner on Sept 25, 2014.
             Killed by divine providence
             ... invoked by an orc priest
              (14 damage)
             ... on Level 4 of the Dungeon.
             The game lasted 00:13:47 (3015 turns).

PolkaDot the Caller (Vampire Summoner)              Turns: 3015, Time: 00:13:47

HP  -4/36 (41)   AC  8     Str  7      XL: 6   Next: 14%
MP  10/10        EV 12     Int 19      God:
Gold 165         SH  0     Dex 14      Spells:  3 memorised,  3 levels left

rFire  . . .     SeeInvis +     c - +1 dagger (venom)
rCold  . . .     Clarity  .     a - +0 robe
rNeg   . . .     rCorr    .     (no shield)
rPois  .         rRot     .     i - +0 helmet
rElec  .         Spirit   .     (no cloak)
SustAb .         Warding  .     (no gloves)
rMut   .         Stasis   .     (no boots)
Gourm  .                        (no amulet)
MR     .....                    (no ring)
                                j - +5 ring of protection

@: regenerating quickly, not resistant to hostile enchantments, unstealthy
A: bottle blood, fangs 3, see invisible, unbreathing
a: Bottle Blood


You were on level 4 of the Dungeon.
You were very full.

You visited 1 branch of the dungeon, and saw 4 of its levels.

You collected 165 gold pieces.

Inventory:

Hand weapons
 c - a +1 dagger of venom (weapon)
Armour
 a - a +0 robe (worn)
 i - a +0 helmet (worn)
Magical devices
 s - a wand of teleportation (5)
Scrolls
 g - 2 scrolls of immolation {unknown}
 o - a scroll of blinking {unknown}
 q - 3 scrolls of identify {unknown}
 r - a scroll of fog {unknown}
Jewellery
 d - an uncursed ring of fire
 e - an uncursed ring of ice
 j - a +5 ring of protection (left hand)
Potions
 h - a potion of might
 n - a potion of curing {unknown}
 p - a potion of flight {unknown}
Books
 b - a book of Callings

   Spells                             Type                      Level
   *Summon Small Mammal               Summoning                    1
   *Call Imp                          Summoning                    2
   *Call Canine Familiar              Summoning                    3
   Summon Guardian Golem              Hexes/Summoning              4
   Summon Lightning Spire             Summoning/Air                4
   Summon Ice Beast                   Ice/Summoning                4


   Skills:
 - Level 2.1 Dodging
 - Level 3.0 Stealth
 - Level 2.0 Spellcasting
 * Level 7.5 Summonings


You had 3 spell levels left.
You knew the following spells:

 Your Spells              Type           Power        Failure   Level  Hunger
a - Summon Small Mammal   Summ           ####         1%          1    #......
d - Call Canine Familiar  Summ           ####....     1%          3    ####...
s - Call Imp              Summ           ####....     1%          2    ##.....


Dungeon Overview and Level Annotations

Branches:
Dungeon (4/15)
 Temple: D:4-7

Altars:
Ashenzari
Cheibriados
Fedhas
Nemelex Xobeh
Zin


Innate Abilities, Weirdness & Mutations

Your natural rate of healing is unusually fast.
You can bottle blood from corpses.
You have razor-sharp teeth.
You have supernaturally acute eyesight.
You can survive without breathing.


Message History

The orc priest calls down the wrath of Beogh upon you.
Pain shoots through your body!
* * * LOW HITPOINT WARNING * * *
The orc wizard hits you with a dagger.
* * * LOW HITPOINT WARNING * * *
The orc priest hits your shadow imp with a flail!
Your shadow imp dies!
Drink which item? (? for menu, Esc to quit)
Your magical effects are unravelling.
You feel magically purged.
It was a potion of cancellation.
You feel less confused.
You feel a little less mighty now.
Your white imp barely misses the orc wizard.
The orc priest barely misses you.
Your iron imp hits the orc wizard.
The orc wizard completely misses you.
Drink which item? (? for menu, Esc to quit)
Magic courses through your body.
It was a potion of magic.
Your white imp hits the orc wizard.
Your white imp freezes the orc wizard.
The orc priest mumbles some strange prayers to Beogh against you.
Something smites you!
You die...

.. ... # #.# ..
#.##...##(#.# ....
#.#..#....#.####.....
#....................
####..#...###.#........
##....<.......%...h...o..
............#..#...goo...
.............#.o#########
......(.......oo@.#
.....(.........55.#
.......)......#...##
......).........)..#
...................#
>..<..........#...##
.............##...#
#.....#.....###...#
#########.### #####


You could see 2 orc priests, an orc wizard (invisible), a friendly iron imp and
a friendly white imp.

Vanquished Creatures
  An orc warrior (D:3)
  An orc priest (D:3)
  Natasha (D:3)
  A worker ant (D:4)
  2 adders
  3 worms
  An adder zombie (D:3)
  3 giant geckos
  An ooze (D:2)
  7 orcs (D:3)
  2 ball pythons
  5 giant cockroaches
  9 goblins
  9 hobgoblins
  3 bats
  A giant gecko skeleton (D:3)
  4 giant newts
  7 jackals
  14 kobolds
  An orc zombie (D:3)
  11 rats
87 creatures vanquished.

Vanquished Creatures (collateral kills)
  2 orc wizards
  Natasha (twice) (D:3)
  A white imp (D:3)
  A worm (D:3)
  A giant gecko (D:3)
  An orc (D:3)
  3 hobgoblins
  2 jackals (D:1)
  A giant newt (D:1)
14 creatures vanquished.

Vanquished Creatures (others)
  2 hounds
  A shadow imp (D:4)
  A quokka (D:3)
  A rat (D:1)
5 creatures vanquished.

Grand Total: 106 creatures vanquished

Notes
Turn   | Place    | Note
--------------------------------------------------------------
     0 | D:1      | PolkaDot, the Vampire Summoner, began the quest for the Orb.
     0 | D:1      | Reached XP level 1. HP: 13/13 MP: 3/3
   243 | D:1      | Reached XP level 2. HP: 19/19 MP: 4/4
   599 | D:1      | Reached skill level 5 in Summonings
   644 | D:1      | Reached XP level 3. HP: 24/24 MP: 6/6
  1186 | D:2      | Found a sparkling altar of Nemelex Xobeh.
  1558 | D:2      | Reached XP level 4. HP: 15/30 MP: 7/7
  1891 | D:3      | Noticed an orc warrior
  1897 | D:3      | Learned a level 3 spell: Call Canine Familiar
  1979 | D:2      | Learned a level 2 spell: Call Imp
  2198 | D:3      | Noticed Natasha
  2206 | D:3      | Killed Natasha
  2206 | D:3      | Reached skill level 6 in Summonings
  2313 | D:3      | Reached XP level 5. HP: 32/35 MP: 9/9
  2344 | D:3      | Found a glowing silver altar of Zin.
  2345 | D:3      | Found a shattered altar of Ashenzari.
  2394 | D:3      | Found a snail-covered altar of Cheibriados.
  2396 | D:3      | Found a blossoming altar of Fedhas.
  2488 | D:3      | Killed an orc warrior
  2488 | D:3      | Reached skill level 7 in Summonings
  2744 | D:3      | Noticed Natasha
  2759 | D:3      | Killed Natasha
  2800 | D:3      | Noticed Natasha
  2808 | D:3      | Killed Natasha
  2930 | D:4      | Reached XP level 6. HP: 41/41 MP: 10/10
  3015 | D:4      | Killed from afar by an orc priest

Action                   |  1- 3 |  4- 6 || total
-------------------------+-------+-------++-------
Melee: Unarmed           |    31 |       ||    31
       Dagger            |   127 |   130 ||   257
 Cast: Summon Small Mamm |     7 |     1 ||     8
       Call Imp          |       |     9 ||     9
       Call Canine Famil |       |     5 ||     5
Evoke: Wand              |       |     1 ||     1
  Use: Potion            |     1 |     5 ||     6
 Stab: Distracted        |     2 |     1 ||     3
       Sleeping          |     6 |     4 ||    10
  Eat: Corpse            |    14 |    16 ||    30
